 Dungeon Crawl Stone Soup version 0.20.1-1-g8b1a95d (webtiles) character file.

7520 dohliylev the Nimble (level 10, -27/74 HPs)
             Began as a Vampire Assassin on Dec 3, 2017.
             Was a Priest of Nemelex Xobeh.
             Killed by dispel undead
             ... invoked by Josephine
              (34 damage)
             ... on level 10 of the Dungeon.
             The game lasted 00:48:23 (10007 turns).

dohliylev the Nimble (Vampire Assassin)            Turns: 10007, Time: 00:48:24

Health: -27/74     AC:  3    Str: 10    XL:     10   Next: 95%
Magic:  3/3        EV: 21    Int: 14    God:    Nemelex Xobeh [***...]
Gold:   687        SH: 10    Dex: 23    Spells: 9/9 levels left

rFire    . . .     SeeInvis +   a - +2 dagger (antimagic)
rCold    . . .     Gourm    .   P - +0 buckler (curse)
rNeg     + . .     Faith    .   p - -1 robe (curse)
rPois    .         Spirit   .   (no helmet)
rElec    .         Reflect  +   d - +0 cloak
rCorr    .         Harm     .   (no gloves)
MR       +....                  J - +0 pair of boots
Stlth    +++++.....             S - +4 amulet of reflection
Regen    0.3/turn               j - +4 ring of dexterity
MPRegen  0.1/turn               (no ring)

@: heavily drained
A: fangs 3, see invisible, unbreathing
a: Bat Form, Triple Draw, Renounce Religion


You were on level 10 of the Dungeon.
You worshipped Nemelex Xobeh.
Nemelex Xobeh was most pleased with you.
You were not thirsty.

You visited 1 branch of the dungeon, and saw 10 of its levels.

You collected 687 gold pieces.

Inventory:

Hand Weapons
 a - a +2 antimagic dagger (weapon)
 b - a +0 blowgun
 q - a +1 dagger of freezing
 I - a +3 falchion
 U - a +0 dagger of distortion
Missiles
 e - 19 poisoned needles
 f - 2 curare-tipped needles
Armour
 d - a +0 cloak (worn)
 h - a +3 leather armour
 p - a cursed -1 robe (worn)
 J - a +0 pair of boots (worn)
 P - a cursed +0 buckler (worn)
Jewellery
 j - a +4 ring of dexterity (left hand)
 S - a +4 amulet of reflection (around neck)
Wands
 t - a wand of polymorph (18/24)
 w - a wand of acid (14/15)
 L - a wand of acid (7/15)
 O - a wand of flame (14/48)
 Q - a wand of iceblast (5/15)
 T - a wand of clouds (5/9)
Scrolls
 c - 3 scrolls of fear
 l - 4 scrolls of recharging
 u - 2 scrolls of magic mapping
 v - 4 scrolls of amnesia
 x - 2 scrolls of fog {unknown}
 y - a scroll of enchant weapon {unknown}
 z - 2 scrolls of remove curse {unknown}
 A - 4 scrolls of teleportation
 D - 2 scrolls of enchant armour
 V - a scroll of blinking {unknown}
Potions
 g - 4 potions of blood
 i - 6 potions of heal wounds {unknown}
 k - 6 potions of flight {unknown}
 m - 3 potions of curing {unknown}
 o - 3 potions of agility {unknown}
 r - 3 potions of cancellation {unknown}
 s - 3 potions of might {unknown}
 B - 2 potions of ambrosia {unknown}
 E - a potion of degeneration {unknown}
 F - 2 potions of berserk rage {unknown}
 K - a potion of magic {unknown}
 N - 2 potions of brilliance {unknown}
 R - a potion of mutation {unknown}
Miscellaneous
 n - a legendary deck of summoning
 C - a plain deck of escape
 G - a lamp of fire
 H - a plain deck of summoning {drawn: 1}
 M - a plain deck of destruction {drawn: 1}


   Skills:
 - Level 5.2(3.7) Fighting
 - Level 8.1(6.5) Short Blades
 - Level 1.5(0.2) Throwing
 - Level 0.8(0.0) Armour
 + Level 12.2(10.4) Dodging
 - Level 12.0(10.3) Stealth
 + Level 4.0(2.6) Shields
 + Level 1.4(0.1) Invocations


You had 9 spell levels left.
You didn't know any spells.

Dungeon Overview and Level Annotations

Branches:
Dungeon (10/15)            Temple (0/1) D:5
   Lair: D:8-11         Orc: D:9-12

Altars:
Ashenzari
Cheibriados
Kikubaaqudgha
Nemelex Xobeh
Okawaru
Ru
Vehumet
The Shining One

Annotations:
D:9 Pikel
D:10 Josephine


Innate Abilities, Weirdness & Mutations

You have razor-sharp teeth.
You have supernaturally acute eyesight. (SInv)
You can survive without breathing.


Message History

Josephine hits you but does no damage.
You hit Josephine.
Josephine's magic leaks into the air.
You bite Josephine.
Josephine is severely wounded.
You hit Josephine.
Josephine's magic leaks into the air.
You bite Josephine, but do no damage.
Josephine is severely wounded.
Josephine casts a spell at you.
The ghostly flame explodes!
The ghostly fireball engulfs you! You partially resist.
You feel drained.
The ghostly fireball engulfs Josephine.
Josephine completely resists.
Josephine screams, "Die!"
You see here a fruit.
Josephine casts a spell at you.
The ghostly flame explodes!
The ghostly fireball engulfs you! You partially resist.
You feel drained.
* * * LOW HITPOINT WARNING * * *
Josephine gestures at you while chanting.
You convulse!
You die...
Your body glows with a rainbow of weird colours and disappears.

#.##..#..#.#.#
#.#........#.#########
........####.#.......#
######### #.#>#####.#
#.#.......#
#......##.#
###.##.##.# #....##.#
.. #..@<...# #.#
#..####.# #.#
#.%[....# ###.##
##@######
####....##### #W#
............# #W#
#)....# #.# #(#
#.....###.###.#
#......W.W@...#


You could see Josephine and 2 wraiths.

Vanquished Creatures
  3 two-headed ogres
  Psyche (D:8)
  2 hippogriffs
  Sigmund (D:2)
  A wyvern (D:9)
  3 hungry ghosts
  2 sky beasts
  9 ice beasts
  2 black bears (D:9)
  2 orc warriors
  4 slaves (D:9)
  2 phantoms
  4 ogres
  2 centaurs
  5 bullfrogs
  3 scorpions
  3 jellies
  4 crimson imps
  4 hounds
  2 centaur zombies
  A bullfrog skeleton (D:9)
  A centaur skeleton (D:4)
  2 orc priests
  6 orc wizards
  Jessica (D:2)
  Ijyb (D:3)
  Terence (D:3)
  6 iguanas
  3 worker ants
  4 hound skeletons
  A howler monkey zombie (D:7)
  3 worker ant zombies
  9 adders
  3 gnolls (D:8)
  A shadow imp (D:5)
  An adder skeleton (D:4)
  An adder zombie (D:9)
  5 worms (D:2)
  A dart slug (D:1)
  3 leopard geckos
  31 orcs
  4 giant cockroaches
  8 goblins
  4 hobgoblins
  2 jackals (D:2)
  13 kobolds
  5 quokkas
  3 ball pythons
  5 bats
  4 frilled lizards (D:1)
  A giant cockroach zombie (D:5)
  A jackal skeleton (D:5)
  A leopard gecko skeleton (D:4)
  7 rats
202 creatures vanquished.

Vanquished Creatures (collateral kills)
  The ghost of hilaritas the Carver, a novice BaFi of Cheibriados (D:7)
  A hungry ghost (D:9)
  A sky beast (D:9)
3 creatures vanquished.

Grand Total: 205 creatures vanquished

Notes
Turn   | Place    | Note
-------+----------+-------------------------------------------
     0 | D:1      | dohliylev the Vampire Assassin began the quest for the Orb.
     0 | D:1      | Reached XP level 1. HP: 16/16 MP: 1/1
   189 | D:1      | Reached XP level 2. HP: 19/22 MP: 2/2
   676 | D:2      | Noticed Sigmund
   684 | D:2      | Killed Sigmund
   684 | D:2      | Reached XP level 3. HP: 27/27 MP: 3/3
   684 | D:2      | Reached XP level 4. HP: 33/33 MP: 4/4
   684 | D:2      | Reached XP level 5. HP: 38/38 MP: 5/5
   700 | D:2      | Reached skill level 10 in Stealth
   749 | D:2      | Found a shattered altar of Ashenzari.
  1275 | D:2      | Found a faded altar of an unknown god.
  1387 | D:2      | Noticed Jessica
  1391 | D:2      | Killed Jessica
  1517 | D:2      | Reached XP level 6. HP: 40/44 MP: 6/6
  1712 | D:3      | Noticed Terence
  1762 | D:3      | Killed Terence
  1833 | D:3      | Noticed Ijyb
  1841 | D:3      | Killed Ijyb
  2235 | D:3      | Found an ancient bone altar of Kikubaaqudgha.
  2686 | D:3      | Reached skill level 5 in Short Blades
  2807 | D:4      | Reached XP level 7. HP: 43/49 MP: 2/7
  3165 | D:4      | Found a sparkling altar of Nemelex Xobeh.
  3175 | D:4      | Became a worshipper of Nemelex Xobeh the Trickster
  3340 | D:4      | Found a glowing golden altar of the Shining One.
  3360 | D:4      | Reached skill level 1 in Shields
  3419 | D:5      | Entered Level 5 of the Dungeon
  3605 | D:5      | Received a gift from Nemelex Xobeh
  3933 | D:5      | Found a sacrificial altar of Ru.
  4117 | D:5      | Found a staircase to the Ecumenical Temple.
  4181 | D:5      | Reached XP level 8. HP: 41/55 MP: 2/8
  4502 | D:5      | Reached * piety under Nemelex Xobeh
  4842 | D:6      | Received a gift from Nemelex Xobeh
  4926 | D:6      | Reached skill level 5 in Dodging
  5489 | D:7      | Noticed hilaritas's ghost (novice BaFi)
  5779 | D:7      | Reached ** piety under Nemelex Xobeh
  5795 | D:7      | Reached XP level 9. HP: 52/63 MP: 9/9
  5797 | D:7      | Received a gift from Nemelex Xobeh
  6394 | D:7      | Killed hilaritas's ghost
  6693 | D:8      | Reached skill level 10 in Dodging
  6710 | D:8      | Found an iron altar of Okawaru.
  6814 | D:8      | Noticed a two-headed ogre
  6818 | D:8      | Killed a two-headed ogre
  6818 | D:8      | Reached skill level 5 in Fighting
  6818 | D:8      | Reached XP level 10. HP: 74/74 MP: 10/10
  6836 | D:8      | Found a radiant altar of Vehumet.
  7027 | D:8      | Noticed Psyche
  7030 | D:8      | Killed Psyche
  7124 | D:8      | Reached skill level 1 in Invocations
  7420 | D:9      | Noticed Pikel
  8016 | D:9      | Noticed a two-headed ogre
  8019 | D:9      | Killed a two-headed ogre
  8022 | D:9      | Received a gift from Nemelex Xobeh
  8593 | D:9      | Found a snail-covered altar of Cheibriados.
  9078 | D:10     | Entered Level 10 of the Dungeon
  9119 | D:10     | Noticed Josephine
  9447 | D:10     | Reached *** piety under Nemelex Xobeh
  9482 | D:10     | Noticed a two-headed ogre
  9627 | D:9      | Killed a two-headed ogre
 10007 | D:10     | Killed from afar by Josephine

Skill      XL: |  1  2  3  4  5  6  7  8  9 10 |
---------------+-------------------------------+-----
Stealth        | 6 9 10 11 12 | 12.0
Short Blades   | 3 5 6 7 8 |  8.1
Dodging        | 2 4 7 10 12 | 12.2
Shields        | 2 3 4 |  4.0
Fighting       | 3 5 |  5.2
Invocations    | 1 |  1.4
Throwing       | |  1.5
Armour         | |  0.8

Action                   |  1- 3 |  4- 6 |  7- 9 | 10-12 || total
-------------------------+-------+-------+-------+-------++-------
Melee: Dagger            |    34 |   229 |   489 |   406 ||  1158
       Bite              |     3 |    28 |    80 |    73 ||   184
 Fire: Blowgun           |    12 |    14 |    12 |    41 ||    79
 Abil: End Transformatio |       |       |     2 |     7 ||     9
       Bat Form          |       |       |     2 |     7 ||     9
Evoke: Deck              |       |       |     1 |     1 ||     2
  Use: Potion            |       |       |     2 |     2 ||     4
       Scroll            |       |       |       |     8 ||     8
 Stab: Sleeping          |     8 |    10 |    27 |    16 ||    61
       Distracted        |       |       |     3 |       ||     3
  Eat: Corpse            |     9 |     9 |    18 |     5 ||    41
Armor: Robe              |     4 |    10 |    31 |    15 ||    60
       Leather armour    |    10 |     9 |       |       ||    19
Dodge: Dodged            |    19 |   107 |   140 |   189 ||   455
Block: Large shield      |       |    21 |   156 |       ||   177
       Buckler           |       |       |    23 |    96 ||   119
       Other             |       |       |       |     1 ||     1
